3L
CAPITAL DISTRICT RED KNIGHTS @ PANAMA CITY PIRANHAS
10/04/2020
 
TOP OF THE 1ST
Capital District Red Knights batting - Pitching for Panama City Piranhas : RHP Dave Tomlinson
Pitching: RHP Dave Tomlinson
Batting: RHB Chang-bum Pak 0-0: Ball
1-0: Called Strike
1-1: Called Strike
1-2: Strikes out swinging
Batting: RHB Matt Terry 0-0: Foul Ball, location: 2F
0-1: Ball
1-1: Called Strike
1-2: Ball
2-2: Ground out 4-3 (Groundball, 4)
Batting: RHB David Edwards 0-0: Called Strike
0-1: Ball
1-1: Foul Ball, location: 2F
1-2: Ball
2-2: Foul Ball, location: 2F
2-2: Strikes out swinging
Top of the 1st over - 0 run(s), 0 hit(s), 0 error(s), 0 left on base; Capital District 0 - Panama City 0
BOTTOM OF THE 1ST
Panama City Piranhas batting - Pitching for Capital District Red Knights : RHP Sexto Rodríguez
Pitching: RHP Sexto Rodríguez
Batting: RHB Cliff Dixon 0-0: Ball
1-0: Ball
2-0: Called Strike
2-1: Ball
3-1: Called Strike
3-2: DOUBLE (Line Drive, 7LM)
Batting: LHB Francisco Sánchez 0-0: Swinging Strike
0-1: Ball
1-1: Ball
2-1: Ball
3-1: Foul Ball, location: 2F
3-2: Strikes out swinging
Batting: LHB Melvin Castro 0-0: Ball
1-0: Foul Ball, location: 2F
1-1: SINGLE (Line Drive, 6D)
Cliff Dixon to third
Batting: SHB Marc Talamante 0-0: Ball
1-0: Called Strike
1-1: Ball
2-1: Foul Ball, location: 2F
2-2: Ball
3-2: Fly out, F9 (Flyball, 89S)
Batting: LHB Arturo Guzmán 0-0: Called Strike
0-1: Ball
1-1: Foul Ball, location: 2F
1-2: Ball
2-2: Foul Ball, location: 2F
2-2: Ball
3-2: Fly out, F8 (Line Drive, 8RM)
Bottom of the 1st over - 0 run(s), 2 hit(s), 0 error(s), 2 left on base; Capital District 0 - Panama City 0
TOP OF THE 2ND
Capital District Red Knights batting - Pitching for Panama City Piranhas : RHP Dave Tomlinson
Batting: RHB Dong-joon Ch'oe 0-0: Called Strike
0-1: Ball
1-1: Foul Ball, location: 2F
1-2: Ground out 5-3 (Groundball, 5)
Batting: RHB Louis Henderson 0-0: Ball
1-0: Called Strike
1-1: Ball
2-1: Ball
3-1: SINGLE (Line Drive, 34)
Batting: RHB Mike Lewis 0-0: Ball
Louis Henderson is caught stealing 2nd base
1-0: Ball
2-0: Foul Ball, location: 2F
2-1: Ball
3-1: Foul Ball, location: 2F
3-2: Base on Balls
Batting: LHB Stan Lewis 0-0: Ball
1-0: Ball
2-0: Called Strike
2-1: Foul Ball, location: 2F
2-2: Strikes out swinging
Top of the 2nd over - 0 run(s), 1 hit(s), 0 error(s), 1 left on base; Capital District 0 - Panama City 0
BOTTOM OF THE 2ND
Panama City Piranhas batting - Pitching for Capital District Red Knights : RHP Sexto Rodríguez
Batting: RHB Jeff Bass 0-0: Ground out 5-3 (Groundball, 5)
Batting: RHB Kyle Myers 0-0: Ball
1-0: Ball
2-0: Called Strike
2-1: Called Strike
2-2: Ball
3-2: Strikes out swinging
Batting: RHB Félix Rodríguez 0-0: Ball
1-0: Ground out 4-3 (Groundball, 13)
Bottom of the 2nd over - 0 run(s), 0 hit(s), 0 error(s), 0 left on base; Capital District 0 - Panama City 0
TOP OF THE 3RD
Capital District Red Knights batting - Pitching for Panama City Piranhas : RHP Dave Tomlinson
Batting: RHB Guillermo Montoya 0-0: Called Strike
0-1: Ball
1-1: Foul Ball, location: 2F
1-2: Ball
2-2: Foul Ball, location: 2F
2-2: Foul Ball, location: 2F
2-2: Foul Ball, location: 2F
2-2: Foul Ball, location: 2F
2-2: Ball
3-2: Foul Ball, location: 2F
3-2: Foul Ball, location: 2F
3-2: Foul Ball, location: 2F
3-2: Foul Ball, location: 2F
3-2: Base on Balls
Batting: RHB Sexto Rodríguez 0-0: Bunted foul
0-1: Sac Bunt - play at first, batter OUT! 1-4
Guillermo Montoya to second
Batting: RHB Chang-bum Pak 0-0: Ground out 6-3 (Groundball, 6)
Guillermo Montoya to third
Batting: RHB Matt Terry Error on foul ball, E3
0-1: Ball
1-1: Foul Ball, location: 2F
1-2: Hit by Pitch
Batting: RHB David Edwards 0-0: Ball
1-0: Called Strike
1-1: Ball
2-1: Foul Ball, location: 2F
2-2: Foul Ball, location: 2F
2-2: Fly out, F9 (Flyball, 9S)
Top of the 3rd over - 0 run(s), 0 hit(s), 1 error(s), 2 left on base; Capital District 0 - Panama City 0
BOTTOM OF THE 3RD
Panama City Piranhas batting - Pitching for Capital District Red Knights : RHP Sexto Rodríguez
Batting: LHB Dave Tomlinson 0-0: Foul Ball, location: 2F
0-1: Ball
1-1: Ball
2-1: Swinging Strike
2-2: Strikes out swinging
Batting: RHB Cliff Dixon 0-0: Foul Ball, location: 2F
0-1: Ball
1-1: Ball
2-1: SOLO HOME RUN (Flyball, 7D), Distance : 359 ft
Batting: LHB Francisco Sánchez 0-0: Called Strike
0-1: Ground out 4-3 (Groundball, 4)
Batting: LHB Melvin Castro 0-0: Called Strike
0-1: SINGLE (Groundball, 4MD)
Batting: SHB Marc Talamante 0-0: Fly out, F3 (Line Drive, 3)
Bottom of the 3rd over - 1 run(s), 2 hit(s), 0 error(s), 1 left on base; Capital District 0 - Panama City 1
TOP OF THE 4TH
Capital District Red Knights batting - Pitching for Panama City Piranhas : RHP Dave Tomlinson
Batting: RHB Dong-joon Ch'oe 0-0: Ball
1-0: Ball
2-0: Ball
3-0: Called Strike
3-1: Foul Ball, location: 2F
3-2: Strikes out swinging
Batting: RHB Louis Henderson 0-0: Ball
1-0: Swinging Strike
1-1: SINGLE (Line Drive, 7LM)
Batting: RHB Mike Lewis 0-0: SINGLE (Groundball, 34D)
Louis Henderson to second
Runner from 2nd tries for 3rd, SAFE, throw made to third
Now in RF: Hal Romaine
Batting: LHB Stan Lewis 0-0: Swinging Strike
0-1: Ball
1-1: Ball
2-1: Called Strike
2-2: Ball
3-2: Strikes out looking
Batting: RHB Guillermo Montoya 0-0: Called Strike
0-1: Reached on error, E4 (Groundball, 4)
Louis Henderson scores
Mike Lewis to third
Batting: RHB Sexto Rodríguez 0-0: Foul Ball, location: 2F
0-1: Foul Ball, location: 2F
0-2: Fly out, F8 (Flyball, 8RM)
Top of the 4th over - 1 run(s), 2 hit(s), 1 error(s), 2 left on base; Capital District 1 - Panama City 1
BOTTOM OF THE 4TH
Panama City Piranhas batting - Pitching for Capital District Red Knights : RHP Sexto Rodríguez
Batting: LHB Arturo Guzmán 0-0: Called Strike
0-1: SINGLE (Groundball, 34D)
Batting: RHB Jeff Bass 0-0: Called Strike
0-1: Ball
1-1: Foul Ball, location: 2F
1-2: Fly out, F8 (Flyball, 8LD)
Batting: RHB Kyle Myers Pickoff Throw to First - Out!
0-0: Foul Ball, location: 2F
0-1: Called Strike
0-2: Ball
1-2: Fly out, F6 (Line Drive, 6)
Bottom of the 4th over - 0 run(s), 1 hit(s), 0 error(s), 0 left on base; Capital District 1 - Panama City 1
TOP OF THE 5TH
Capital District Red Knights batting - Pitching for Panama City Piranhas : RHP Dave Tomlinson
Batting: RHB Chang-bum Pak 0-0: Ball
1-0: Swinging Strike
1-1: Swinging Strike
1-2: Fly out, F6 (Line Drive, 6)
Batting: RHB Matt Terry 0-0: Swinging Strike
0-1: Ball
1-1: Foul Ball, location: 2F
1-2: Ball
2-2: Ball
3-2: Fly out, F6 (Line Drive, 6)
Batting: RHB David Edwards 0-0: Foul Ball, location: 2F
0-1: Ball
1-1: Foul Ball, location: 2F
1-2: Foul Ball, location: 2F
1-2: Fly out, F9 (Line Drive, 9S)
Top of the 5th over - 0 run(s), 0 hit(s), 0 error(s), 0 left on base; Capital District 1 - Panama City 1
BOTTOM OF THE 5TH
Panama City Piranhas batting - Pitching for Capital District Red Knights : RHP Sexto Rodríguez
Batting: RHB Félix Rodríguez 0-0: Ground out 4-3 (Groundball, 34)
Batting: LHB Dave Tomlinson 0-0: Called Strike
0-1: Called Strike
0-2: Ball
1-2: Fly out, F9 (Line Drive, 9LM)
Batting: RHB Cliff Dixon 0-0: Called Strike
0-1: Ball
1-1: Called Strike
1-2: Ball
2-2: Fly out, F6 (Line Drive, 6)
Bottom of the 5th over - 0 run(s), 0 hit(s), 0 error(s), 0 left on base; Capital District 1 - Panama City 1
TOP OF THE 6TH
Capital District Red Knights batting - Pitching for Panama City Piranhas : RHP Dave Tomlinson
Batting: RHB Dong-joon Ch'oe 0-0: Called Strike
0-1: Ball
1-1: Called Strike
1-2: Ball
2-2: Foul Ball, location: 2F
2-2: Strikes out swinging
Batting: RHB Louis Henderson 0-0: Ball
1-0: Ball
2-0: Called Strike
2-1: Fly out, F9 (Flyball, 9M)
Batting: RHB Mike Lewis 0-0: Ball
1-0: Ball
2-0: Foul Ball, location: 2F
2-1: SINGLE (Line Drive, 8LS)
Batting: LHB Stan Lewis 0-0: Fielders Choice at 2nd, U6 (Groundball, 6M)
Top of the 6th over - 0 run(s), 1 hit(s), 0 error(s), 1 left on base; Capital District 1 - Panama City 1
BOTTOM OF THE 6TH
Panama City Piranhas batting - Pitching for Capital District Red Knights : RHP Sexto Rodríguez
Batting: LHB Francisco Sánchez 0-0: Ground out 4-3 (Groundball, 34)
Batting: RHB Hal Romaine 0-0: Called Strike
0-1: Fly out, F4 (Line Drive, 4M)
Batting: SHB Marc Talamante 0-0: Called Strike
0-1: Ball
1-1: Fly out, F6 (Popup, 6D)
Bottom of the 6th over - 0 run(s), 0 hit(s), 0 error(s), 0 left on base; Capital District 1 - Panama City 1
TOP OF THE 7TH
Capital District Red Knights batting - Pitching for Panama City Piranhas : RHP Dave Tomlinson
Pinch Hitting: LHB Leonardo López 0-0: Ball
1-0: Foul Ball, location: 2F
1-1: Ball
2-1: Ground out 4-3 (Groundball, 34)
Batting: RHB Sexto Rodríguez 0-0: Ball
1-0: Called Strike
1-1: Swinging Strike
1-2: Foul Ball, location: 2F
1-2: Ball
2-2: Foul Ball, location: 2F
2-2: Strikes out swinging
Batting: RHB Chang-bum Pak 0-0: Ball
1-0: Called Strike
1-1: Swinging Strike
1-2: SINGLE (Line Drive, 5D)
Pitching: RHP Lester Craft
Pinch Hitting: LHB Dave Knight 0-0: Ball
1-0: Foul Ball, location: 2F
1-1: Called Strike
1-2: Ball
2-2: Reached on error, E4 (Groundball, 34)
Chang-bum Pak to second
Batting: RHB David Edwards 0-0: Called Strike
0-1: Ball
1-1: Ball
2-1: Ball
3-1: Foul Ball, location: 2F
3-2: Fly out, F8 (Line Drive, 8RXD)
Top of the 7th over - 0 run(s), 1 hit(s), 1 error(s), 2 left on base; Capital District 1 - Panama City 1
BOTTOM OF THE 7TH
Panama City Piranhas batting - Pitching for Capital District Red Knights : RHP Sexto Rodríguez
Now at SS: Martin Young
Now in LF: Leonardo López
Batting: LHB Arturo Guzmán 0-0: Ball
1-0: Foul Ball, location: 2F
1-1: Foul Ball, location: 2F
1-2: Ball
2-2: Strikes out swinging
Batting: RHB Jeff Bass 0-0: Ball
1-0: Ball
2-0: Swinging Strike
2-1: Foul Ball, location: 2F
2-2: Foul Ball, location: 2F
2-2: Strikes out swinging
Batting: RHB Kyle Myers 0-0: Ball
1-0: Swinging Strike
1-1: SINGLE (Line Drive, 8LS)
Batting: RHB Félix Rodríguez 0-0: Called Strike
Reached via error on a dropped throw, E3
Kyle Myers to second
Pinch Hitting: RHB Bertrand Sunter 0-0: Ball
1-0: Ball
2-0: Called Strike
2-1: Foul Ball, location: 2F
2-2: Foul Ball, location: 2F
2-2: Strikes out looking
Bottom of the 7th over - 0 run(s), 1 hit(s), 1 error(s), 2 left on base; Capital District 1 - Panama City 1
TOP OF THE 8TH
Capital District Red Knights batting - Pitching for Panama City Piranhas : RHP Lester Craft
Pitching: RHP Jessie Holley
Batting: RHB Dong-joon Ch'oe 0-0: Foul Ball, location: 2F
0-1: Ball
1-1: Swinging Strike
1-2: Foul Ball, location: 2F
1-2: Foul Ball, location: 2F
1-2: Foul Ball, location: 2F
1-2: Ball
2-2: Strikes out looking
Batting: RHB Louis Henderson 0-0: Ball
1-0: Ball
2-0: Called Strike
2-1: Swinging Strike
2-2: Strikes out looking
Batting: RHB Mike Lewis 0-0: Ball
1-0: Ball
2-0: Ball
3-0: Base on Balls
Batting: LHB Stan Lewis 0-0: Called Strike
0-1: Ball
1-1: Foul Ball, location: 2F
1-2: Fielders Choice at 2nd, 5-4 (Groundball, 5D)
Top of the 8th over - 0 run(s), 0 hit(s), 0 error(s), 0 left on base; Capital District 1 - Panama City 1
BOTTOM OF THE 8TH
Panama City Piranhas batting - Pitching for Capital District Red Knights : RHP Sexto Rodríguez
Batting: RHB Cliff Dixon 0-0: Swinging Strike
0-1: Ball
1-1: Foul Ball, location: 2F
1-2: Strikes out looking
Batting: LHB Francisco Sánchez 0-0: Ball
1-0: Ground out 1-3 (Groundball, 13)
Batting: RHB Hal Romaine 0-0: Fly out, F8 (Flyball, 8RXD)
Bottom of the 8th over - 0 run(s), 0 hit(s), 0 error(s), 0 left on base; Capital District 1 - Panama City 1
TOP OF THE 9TH
Capital District Red Knights batting - Pitching for Panama City Piranhas : RHP Jessie Holley
Pitching: RHP Dae Yi
Batting: LHB Leonardo López 0-0: Ball
1-0: Ball
2-0: Ball
3-0: Called Strike
3-1: Foul Ball, location: 2F
3-2: Ground out 4-3 (Groundball, 4M)
Pinch Hitting: RHB Zach King 0-0: Ball
1-0: Ball
2-0: Fly out, F7 (Flyball, 78M)
Batting: RHB Chang-bum Pak 0-0: Ball
1-0: Foul Ball, location: 2F
1-1: Ball
2-1: SINGLE (Groundball, 6MD)
Batting: RHB Martin Young 0-0: Foul Ball, location: 2F
0-1: Ball
1-1: Ball
2-1: Ground out 1-3 (Groundball, 15)
Top of the 9th over - 0 run(s), 1 hit(s), 0 error(s), 1 left on base; Capital District 1 - Panama City 1
BOTTOM OF THE 9TH
Panama City Piranhas batting - Pitching for Capital District Red Knights : RHP Sexto Rodríguez
Pitching: RHP Myron Snow
Batting: SHB Marc Talamante 0-0: Ground out 4-3 (Groundball, 4M)
Batting: LHB Arturo Guzmán 0-0: Called Strike
0-1: Ball
1-1: Ball
2-1: Foul Ball, location: 2F
2-2: Foul Ball, location: 2F
2-2: Ball
3-2: Ground out 4-3 (Groundball, 4M)
Batting: RHB Jeff Bass 0-0: Ball
1-0: Foul Ball, location: 2F
1-1: Swinging Strike
1-2: Ground out 5-3 (Groundball, 5)
Bottom of the 9th over - 0 run(s), 0 hit(s), 0 error(s), 0 left on base; Capital District 1 - Panama City 1
TOP OF THE 10TH
Capital District Red Knights batting - Pitching for Panama City Piranhas : RHP Dae Yi
Batting: RHB David Edwards 0-0: Ball
1-0: Ground out 6-3 (Groundball, 6)
Batting: RHB Dong-joon Ch'oe 0-0: Called Strike
0-1: Ball
1-1: Ball
2-1: Ball
3-1: Base on Balls
Batting: RHB Louis Henderson 0-0: Ball
1-0: Swinging Strike
1-1: Foul Ball, location: 2F
1-2: Foul Ball, location: 2F
1-2: DOUBLE (Line Drive, 7LM)
Dong-joon Ch'oe to third
Batting: RHB Mike Lewis 0-0: Ball
1-0: Swinging Strike
1-1: Foul Ball, location: 2F
1-2: Ball
2-2: Ball
3-2: Foul Ball, location: 2F
3-2: Foul Ball, location: 2F
3-2: Foul Ball, location: 2F
3-2: Foul Ball, location: 2F
3-2: Base on Balls
Batting: LHB Stan Lewis 0-0: SINGLE (Groundball, 4MD)
Dong-joon Ch'oe scores
Louis Henderson to third
Mike Lewis to second
Runner from 3rd tries for Home, SAFE, no throw or cutoff
Pitching: LHP Tommy Blevins
Now in LF: Theodore Buck
Batting: LHB Leonardo López 0-0: Called Strike
0-1: Ball
1-1: Ball
2-1: Foul Ball, location: 2F
2-2: Strikes out looking
Batting: RHB Myron Snow 0-0: Called Strike
0-1: Ball
1-1: SINGLE (Groundball, 6MD)
Mike Lewis to third
Stan Lewis to second
Runner from 3rd tries for Home, throw and OUT!
Top of the 10th over - 2 run(s), 3 hit(s), 0 error(s), 2 left on base; Capital District 3 - Panama City 1
BOTTOM OF THE 10TH
Panama City Piranhas batting - Pitching for Capital District Red Knights : RHP Myron Snow
Batting: RHB Kyle Myers 0-0: Ball
1-0: Foul Ball, location: 2F
1-1: Swinging Strike
1-2: Ball
2-2: Ball
3-2: Foul Ball, location: 2F
3-2: Foul Ball, location: 2F
3-2: Foul Ball, location: 2F
3-2: Fly out, F7 (Line Drive, 7M)
Batting: RHB Félix Rodríguez 0-0: Called Strike
0-1: Ball
1-1: Ball
2-1: Fly out, F7 (Flyball, 7S)
Batting: SHB Theodore Buck 0-0: Fly out, F7 (Flyball, 7M)
Bottom of the 10th over - 0 run(s), 0 hit(s), 0 error(s), 0 left on base; Capital District 3 - Panama City 1
This league is powered by Out of the Park Baseball, the baseball management simulation game for PC, Mac and Linux
Friday, October 23rd, 2015 - OOTP Baseball 16.9 Build 39